 Dungeon Crawl Stone Soup version 0.19.1 (webtiles) character file.

13160 Kyoko the Severer (level 12, -9/97 HPs)
             Began as a Formicid Fighter on Nov 24, 2016.
             Was an Elder of the Shining One.
             Mangled by a manticore (13 damage)
             ... on level 13 of the Dungeon.
             The game lasted 01:59:11 (15522 turns).

Kyoko the Severer (Formicid Fighter)               Turns: 15522, Time: 01:59:12

Health: -9/97      AC: 12    Str: 26    XL:     12   Next: 29%
Magic:  12/12      EV:  6    Int:  8    God:    the Shining One [****..]
Gold:   479        SH: 11    Dex: 10    Spells: 0 memorised, 11 levels left

rFire  . . .     SeeInvis +     a - +4 war axe
rCold  . . .     Gourm    .     b - +3 chain mail
rNeg   + + .     Faith    .     c - +1 shield
rPois  .         Spirit   .     (helmet unavailable)
rElec  .         Reflect  .     (no cloak)
rCorr  .         Harm     .     (no gloves)
MR     +....                    (no boots)
Stlth  ..........               (no amulet)
                                (no ring)
                                (no ring)

@: barbed spikes, glowing
A: permanent stasis, dig shafts and tunnels, four strong arms, antennae 3
a: Dig, Shaft Self, Divine Shield, Cleansing Flame, Renounce Religion


You were on level 13 of the Dungeon.
You worshipped the Shining One.
The Shining One was greatly pleased with you.
You were not hungry.

You visited 1 branch of the dungeon, and saw 13 of its levels.

You collected 479 gold pieces.

Inventory:

Hand Weapons
 a - a +4 war axe (weapon)
 h - a +0 spear
 k - a +0 club
 D - a +0 spear of venom
Missiles
 j - 398 stones (quivered)
 C - 129 arrows
Armour
 b - a +3 chain mail (worn)
 c - a +1 shield (worn)
 H - a +0 scale mail of cold resistance
Jewellery
 w - an uncursed ring of poison resistance {unknown}
 I - an uncursed amulet of rage {unknown}
Wands
 e - a wand of random effects (31/48)
 g - a wand of lightning (5/15)
 r - a wand of polymorph (12/24)
 A - a wand of slowing (22/48)
 G - a wand of polymorph (8/24)
 J - a wand of confusion (25/48)
Scrolls
 d - 3 scrolls of remove curse
 m - 4 scrolls of identify
 n - a scroll of random uselessness
 q - 2 scrolls of amnesia
 t - 2 scrolls of recharging
 y - 3 scrolls of immolation
 F - 2 scrolls of blinking
Potions
 v - 4 potions of cancellation
 z - 2 potions of degeneration
 E - a potion of mutation
 K - a potion of cure mutation
 M - a potion of haste {unknown}
 O - 4 potions of invisibility
Books
 u - a book of Clouds

   Spells                             Type                      Level
   a - Mephitic Cloud                 Conjuration/Poison/Air       3
   b - Conjure Flame                  Conjuration/Fire             3
   c - Poisonous Cloud                Conjuration/Poison/Air       6
   d - Freezing Cloud                 Conjuration/Ice/Air          6
   e - Ring of Flames                 Charms/Fire                  7
 B - a book of Misfortune

   Spells                             Type                      Level
   a - Confusing Touch                Hexes                        1
   b - Confuse                        Hexes                        3
   c - Gell's Gravitas                Hexes/Translocation          3
   d - Petrify                        Transmutation/Earth          4
   e - Metabolic Englaciation         Hexes/Ice                    5
   f - Yara's Violent Unravelling     Hexes/Transmutation          5
Comestibles
 f - 9 bread rations
 i - a fruit
 l - 4 meat rations
 p - a royal jelly
 x - 2 slices of pizza


   Skills:
 + Level 9.8 Fighting
 - Level 16.0 Axes
 - Level 3.5 Armour
 - Level 3.9 Shields


You had 11 spell levels left.
You didn't know any spells.

Dungeon Overview and Level Annotations

Branches:
Dungeon (13/15)            Temple (0/1) D:4
   Lair: D:8-11         Orc: D:9-12      Vaults: D:13-14

Altars:
Dithmenos
Gozag
Hepliaklqana
Kikubaaqudgha
Okawaru
Qazlal
Ru
Sif Muna
Trog
Vehumet
Xom
The Shining One

Shops:
D:4 [

Annotations:
D:5 exclusion: downstairs
D:7 exclusion: downstairs
D:8 Erica
D:11 exclusion: oklob plant
D:12 Uhlv's ghost, journeyman MiBe


Innate Abilities, Weirdness & Mutations

You are under a permanent stasis effect.
You can dig through walls and to a lower floor.
Your four strong arms can wield two-handed weapons with a shield.
You have a pair of large antennae on your head. (SInv)


Message History

The manticore bites you!
* * * LOW HITPOINT WARNING * * *
You block the manticore's attack.
The manticore claws you but does no damage.
You slash the manticore!
The manticore is severely wounded.
The manticore barely misses you. x2
The manticore claws you but does no damage.
You slash the manticore!
The manticore is severely wounded.
You block the manticore's attack.
The manticore claws you but does no damage.
The manticore claws you.
* * * LOW HITPOINT WARNING * * *
You hit the manticore but do no damage.
The manticore is severely wounded.
You hit the manticore.
The manticore is severely wounded.
The manticore bites you!
You die...

#.....#....#.....#.......#..
#.....#....#.....#.......#..
########.#[###############..###
...........#...#.... #.....
...........#...#.. #.....
...........#...'. #.....
...........#...# #.....
...........#..H# {#.....
#'#####....#..@### ###### .
#.)........# #..........#
#..........# #.........)#
..............
.................
...................#
...................#


You could see a manticore.

Vanquished Creatures
  Josephine (D:13)
  2 hill giants
  A deep elf mage (D:13)
  2 centaur zombies (D:13)
  A gargoyle (D:13)
  4 kobold demonologists (D:13)
  4 trolls
  2 wraiths (D:13)
  A wyvern (D:10)
  A centaur simulacrum (D:13)
  11 yaks
  A spriggan (D:7)
  5 vampire mosquitoes
  A hungry ghost (D:13)
  A soldier ant (D:13)
  2 orc warriors
  3 sky beasts
  4 ice beasts
  A phantom (D:8)
  3 necrophages
  An ogre (shapeshifter) (D:13)
  4 ogres
  3 centaurs
  5 big kobolds
  3 bullfrogs
  2 wyvern zombies
  A gnoll sergeant (D:10)
  A wyvern skeleton (D:10)
  2 scorpions (D:7)
  15 killer bees
  2 wights (D:6)
  A howler monkey (D:9)
  2 bullfrog zombies
  3 crimson imps
  2 hounds
  3 jellies
  A gnoll shaman (D:6)
  3 orc priests
  2 bullfrog skeletons
  Ijyb (D:4)
  2 centaur skeletons
  3 iguanas
  7 orc wizards
  8 worker ants
  2 hound skeletons
  2 worker ant zombies
  12 gnolls
  4 adders
  2 adder skeletons
  2 worms
  2 dart slugs (D:3)
  The ghost of dscm the Digger, a weakling OpEE (D:4)
  4 leopard geckos
  29 orcs
  8 bats
  7 giant cockroaches
  7 goblins
  9 hobgoblins
  12 jackals
  19 kobolds
  5 quokkas
  2 ball pythons
  6 frilled lizards
  8 rats
271 creatures vanquished.

Vanquished Creatures (others)
  2 kobolds (D:10)
  A plant (D:11)
3 creatures vanquished.

Grand Total: 274 creatures vanquished

Notes
Turn   | Place    | Note
-------+----------+-------------------------------------------
     0 | D:1      | Kyoko the Formicid Fighter began the quest for the Orb.
     0 | D:1      | Reached XP level 1. HP: 18/18 MP: 1/1
   188 | D:1      | Reached XP level 2. HP: 23/24 MP: 2/2
   448 | D:1      | Reached XP level 3. HP: 27/29 MP: 3/3
   690 | D:2      | Reached skill level 3 in Axes
   793 | D:2      | Found a hazy altar of Hepliaklqana.
  1217 | D:2      | Found an opulent altar of Gozag.
  1556 | D:3      | Reached skill level 4 in Axes
  1556 | D:3      | Reached XP level 4. HP: 32/35 MP: 4/4
  1928 | D:3      | Reached XP level 5. HP: 41/41 MP: 5/5
  2064 | D:3      | Reached skill level 5 in Axes
  2553 | D:4      | Reached XP level 6. HP: 35/47 MP: 6/6
  2782 | D:4      | Found a glowing golden altar of the Shining One.
  2830 | D:4      | Became a worshipper of the Shining One
  3206 | D:4      | Noticed dscm's ghost (weakling OpEE)
  3215 | D:4      | Killed dscm's ghost
  3223 | D:4      | Found a staircase to the Ecumenical Temple.
  3243 | D:4      | Found Loill's Antique Armour Shoppe.
  3258 | D:4      | Reached skill level 6 in Axes
  3278 | D:4      | Noticed Ijyb
  3309 | D:4      | Killed Ijyb
  3456 | D:4      | Reached XP level 7. HP: 29/52 MP: 7/7
  3805 | D:3      | Reached skill level 7 in Axes
  4063 | D:5      | Entered Level 5 of the Dungeon
  4300 | D:5      | Reached skill level 8 in Axes
  4352 | D:5      | Found an ancient bone altar of Kikubaaqudgha.
  4352 | D:5      | Reached * piety under the Shining One
  4556 | D:5      | Reached XP level 8. HP: 41/58 MP: 8/8
  4663 | D:5      | Found a shimmering altar of Xom.
  4691 | D:5      | Found a radiant altar of Vehumet.
  4758 | D:5      | Found a stormy altar of Qazlal.
  5338 | D:6      | Reached skill level 9 in Axes
  6052 | D:6      | Reached skill level 10 in Axes
  6152 | D:7      | Found a bloodstained altar of Trog.
  6191 | D:7      | Reached XP level 9. HP: 45/64 MP: 9/9
  6414 | D:7      | Reached ** piety under the Shining One
  6569 | D:7      | Reached skill level 11 in Axes
  6784 | D:6      | HP: 3/64 [poisoned by a killer bee]
  6789 | D:6      | HP: 2/64 [poisoned by a killer bee]
  6794 | D:6      | HP: 1/64 [poisoned by a killer bee]
  6802 | D:6      | HP: 1/64 [poisoned by a killer bee]
  7637 | D:7      | Reached skill level 12 in Axes
  7737 | D:8      | Noticed Erica
  8440 | D:8      | Found a shadowy altar of Dithmenos.
  8896 | D:8      | Reached XP level 10. HP: 70/70 MP: 10/10
  9029 | D:9      | Reached skill level 13 in Axes
  9376 | D:9      | Found a sacrificial altar of Ru.
  9401 | D:9      | Found a deep blue altar of Sif Muna.
  9482 | D:9      | Found an iron altar of Okawaru.
  9874 | D:10     | Entered Level 10 of the Dungeon
  9993 | D:10     | Noticed a hill giant
 10035 | D:9      | Killed a hill giant
 10035 | D:9      | Reached skill level 14 in Axes
 11119 | D:10     | HP: 3/69 [kobold/wand of lightning (11)]
 11588 | D:10     | Reached XP level 11. HP: 63/75 MP: 11/11
 12075 | D:10     | Reached skill level 15 in Axes
 12472 | D:10     | Reached *** piety under the Shining One
 12860 | D:10     | Noticed a hill giant
 12873 | D:10     | Killed a hill giant
 13560 | D:11     | Noticed an oklob plant
 13566 | D:11     | Noticed a cyclops
 13568 | D:12     | Noticed Uhlv's ghost (journeyman MiBe)
 13919 | D:13     | Reached skill level 16 in Axes
 14039 | D:13     | Reached skill level 5 in Fighting
 14396 | D:13     | Noticed a deep elf mage
 14464 | D:13     | Killed a deep elf mage
 14870 | D:13     | Reached **** piety under the Shining One
 15058 | D:13     | Reached XP level 12. HP: 51/92 MP: 12/12
 15280 | D:13     | Noticed Josephine
 15309 | D:13     | Killed Josephine
 15518 | D:13     | HP: 4/97 [manticore (15)]
 15522 | D:13     | Mangled by a manticore

Skill      XL: |  1  2  3  4  5  6  7  8  9 10 11 12 |
---------------+-------------------------------------+-----
Axes           | 4 5 6 8 10 12 14 16 | 16.0
Fighting       | 7 9 |  9.8
Armour         | |  3.5
Shields        | |  3.9

Action                   |  1- 3 |  4- 6 |  7- 9 | 10-12 || total
-------------------------+-------+-------+-------+-------++-------
Melee: War axe           |   104 |   174 |   302 |   443 ||  1023
Throw: Stone             |       |     1 |       |       ||     1
 Abil: Dig               |       |     1 |     9 |    20 ||    30
  Use: Scroll            |     1 |       |    15 |    10 ||    26
       Potion            |       |     1 |     4 |    11 ||    16
  Eat: Chunk             |     2 |     5 |    12 |     6 ||    25
       Fruit             |       |     2 |     4 |       ||     6
       Royal jelly       |       |       |     1 |       ||     1
       Beef jerky        |       |       |       |     6 ||     6
       Bread ration      |       |       |       |     2 ||     2
       Meat ration       |       |       |       |     1 ||     1
Armor: Scale mail        |    29 |       |       |       ||    29
       Chain mail        |    11 |    89 |    98 |   135 ||   333
       Skin              |       |       |       |    21 ||    21
Dodge: Dodged            |    36 |    45 |    76 |    71 ||   228
Block: Shield            |    56 |    93 |   136 |   181 ||   466
